General information
- name: BNet
- type: Ladder team game (AT/RT)
- host: Battle.net
- saver: baby_in_pram
map: Highperch
- players: 6
- length: 373:20
- speed: Fast
- version: 1.26 W3XP
- replay type:

» download(932 KB)
Players
team 1 (loser)
Abuse.Lord (
pink | 10 APM | 3894 actions | 373:17)
3 Blademaster
2 Wind Walk
1 Critical Strike
1 Shadow Hunter
1 Hex
1 Tauren Chieftain
1 Shockwave
» actions
| Assign group hotkey | 131 | |
| Basic commands | 25 | |
| Build / train | 92 | |
| ESC pressed | 2 | |
| Enter build submenu | 27 | |
| Enter hero's abilities submenu | 5 | |
| Give item / drop item | 1 | |
| Right click | 1048 | |
| Select / deselect | 553 | |
| Select group hotkey | 1932 | |
| Use ability | 78 | |
3894 total
» units
| Peon | 14 | |
| Grunt | 6 | |
| Raider | 1 | |
| Tauren | 5 | |
| Shaman | 3 | |
| Troll Batrider | 39 | |
68 total
» upgrades
| Ensnare | 1 | |
| Shaman Training | 2 | |
| Armor | 1 | |
| Pulverize | 1 | |
5 total
» buildings
| Altar of Storms | 1 | |
| Orc Burrow | 8 | |
| Barracks | 1 | |
| Stronghold | 1 | |
| Voodoo Lounge | 1 | |
| War Mill | 1 | |
| Beastiary | 2 | |
| Fortress | 2 | |
| Spirit Lodge | 1 | |
| Watch Tower | 7 | |
| Tauren Totem | 1 | |
| Great Hall | 1 | |
27 total
» build order
00:05 Altar of Storms
00:15 Orc Burrow
00:35 Barracks
01:28 Orc Burrow
02:48 Stronghold
04:20 Voodoo Lounge
04:23 Orc Burrow
05:15 War Mill
05:19 Beastiary
06:04 Orc Burrow
06:47 Fortress
07:26 Spirit Lodge
07:50 Watch Tower
09:16 Tauren Totem
09:57 Orc Burrow
10:30 Great Hall
10:32 Watch Tower
10:48 Watch Tower
11:09 Watch Tower
11:17 Watch Tower
11:47 Watch Tower
11:59 Watch Tower
13:57 Orc Burrow
15:18 Orc Burrow
16:14 Beastiary
16:37 Orc Burrow
» items
| Healing Salve | 2 | |
| Orb of Lightning | 2 | |
| Lesser Clarity Potion | 1 | |
| Potion of Lesser Invulnerability | 1 | |
| Dust of Appearance | 1 | |
7 total
DesertEagle(gl) (
yellow | 29 APM | 4813 actions | 167:12)
3 Dreadlord
1 Sleep
2 Vampiric Aura
» actions
| Assign group hotkey | 7 | |
| Basic commands | 36 | |
| Build / train | 55 | |
| Enter build submenu | 13 | |
| Enter hero's abilities submenu | 6 | |
| Give item / drop item | 4 | |
| Remove unit from queue | 1 | |
| Right click | 2962 | |
| Select / deselect | 1239 | |
| Select group hotkey | 301 | |
| Use ability | 189 | |
4813 total
» units
» upgrades
| Unholy Strength | 1 | |
| Creature Attack | 3 | |
| Stone Form | 1 | |
| Creature Carapace | 2 | |
7 total
» buildings
| Graveyard | 1 | |
| Crypt | 3 | |
| Ziggurat | 6 | |
| Altar of Darkness | 1 | |
| Tomb of Relics | 1 | |
| Nerubian Tower | 1 | |
| Halls of the Dead | 1 | |
| Black Citadel | 1 | |
| Spirit Tower | 2 | |
17 total
» build order
00:09 Graveyard
00:18 Crypt
00:38 Ziggurat
01:01 Altar of Darkness
01:17 Tomb of Relics
02:33 Ziggurat
02:49 Nerubian Tower
04:24 Halls of the Dead
05:36 Ziggurat
06:07 Crypt
06:09 Ziggurat
07:11 Black Citadel
07:15 Ziggurat
15:25 Crypt
18:32 Ziggurat
67:02 Spirit Tower
67:03 Spirit Tower
» items
| Rod of Necromancy | 1 | |
| Dust of Appearance | 3 | |
| Orb of Corruption | 2 | |
6 total
MAXIM0. (
orange | 24 APM | 3982 actions | 166:54)
1 Dreadlord
1 Sleep
2 Lich
1 Frost Armor
1 Frost Nova
2 Crypt Lord
1 Impale
1 Spiked Carapace
» actions
| Assign group hotkey | 31 | |
| Basic commands | 43 | |
| Build / train | 93 | |
| ESC pressed | 1 | |
| Enter build submenu | 34 | |
| Enter hero's abilities submenu | 5 | |
| Remove unit from queue | 3 | |
| Right click | 1473 | |
| Select / deselect | 1157 | |
| Select group hotkey | 753 | |
| Use ability | 389 | |
3982 total
» units
| Acolyte | 9 | |
| Ghoul | 8 | |
| Meatwagon | 9 | |
| Obsidian Statue | 3 | |
| Crypt Fiend | 7 | |
| Banshee | 3 | |
39 total
» upgrades
| Web | 1 | |
| Burrow | 1 | |
| Destroyer Form | 1 | |
| Creature Attack | 1 | |
| Unholy Strength | 3 | |
| Disease Cloud | 1 | |
| Ghoul Frenzy | 1 | |
| Cannibalize | 1 | |
| Stone Form | 1 | |
| Skeletal Mastery | 1 | |
| Skeletal Longevity | 1 | |
| Exhume Corpses | 1 | |
| Banshee Training | 2 | |
| Necromancer Training | 2 | |
18 total
» buildings
| Crypt | 2 | |
| Ziggurat | 17 | |
| Altar of Darkness | 1 | |
| Graveyard | 1 | |
| Tomb of Relics | 1 | |
| Nerubian Tower | 6 | |
| Halls of the Dead | 2 | |
| Black Citadel | 1 | |
| Sacrificial Pit | 1 | |
| Slaughterhouse | 4 | |
| Spirit Tower | 9 | |
| Necropolis | 2 | |
| Temple of the Damned | 2 | |
49 total
» build order
00:11 Crypt
00:15 Ziggurat
00:18 Ziggurat
00:42 Altar of Darkness
00:58 Graveyard
01:25 Tomb of Relics
02:05 Ziggurat
02:31 Nerubian Tower
03:22 Halls of the Dead
03:22 Halls of the Dead
04:05 Ziggurat
05:07 Nerubian Tower
05:57 Black Citadel
06:26 Sacrificial Pit
06:30 Slaughterhouse
07:14 Ziggurat
08:26 Nerubian Tower
08:35 Crypt
09:28 Ziggurat
11:35 Nerubian Tower
11:54 Ziggurat
12:26 Ziggurat
12:38 Ziggurat
12:50 Ziggurat
12:58 Spirit Tower
13:34 Spirit Tower
13:47 Spirit Tower
13:52 Ziggurat
13:55 Ziggurat
14:27 Spirit Tower
14:29 Ziggurat
14:48 Nerubian Tower
15:44 Spirit Tower
16:53 Necropolis
16:57 Necropolis
17:38 Spirit Tower
17:50 Ziggurat
18:00 Ziggurat
18:10 Ziggurat
18:27 Ziggurat
18:54 Spirit Tower
18:56 Nerubian Tower
19:07 Spirit Tower
20:01 Spirit Tower
22:01 Slaughterhouse
22:02 Slaughterhouse
22:07 Slaughterhouse
26:10 Temple of the Damned
26:13 Temple of the Damned
» items
| Dust of Appearance | 2 | |
| Rod of Necromancy | 2 | |
| Orb of Corruption | 1 | |
5 total
team 2 (winner)
baby_in_pram (
blue | 28 APM | 10275 actions | 373:20)
6 Blademaster
2 Wind Walk
3 Critical Strike
1 Bladestorm
2 Archmage
1 Blizzard
1 Mass Teleport
2 Warden
1 Shadow Strike
1 Spirit of Vengeance
3 Blood Mage
1 Siphon Mana
1 Flame Strike
1 Summon Phoenix
» actions
| Assign group hotkey | 297 | |
| Basic commands | 221 | |
| Build / train | 98 | |
| ESC pressed | 1 | |
| Enter build submenu | 36 | |
| Enter hero's abilities submenu | 15 | |
| Give item / drop item | 3 | |
| Right click | 5869 | |
| Select / deselect | 1518 | |
| Select group hotkey | 1169 | |
| Use ability | 1048 | |
10275 total
» units
| Peon | 10 | |
| Troll Batrider | 17 | |
| Kodo Beast | 1 | |
| Raider | 3 | |
| Troll Witch Doctor | 2 | |
| Shaman | 2 | |
| Spirit Walker | 2 | |
| Wind Rider | 4 | |
41 total
» upgrades
| Ranged Weapons | 3 | |
| Armor | 3 | |
| War Drums Damage Increase | 1 | |
| Witch Doctor Training | 2 | |
| Shaman Training | 2 | |
| Spirit Walker Training | 2 | |
| Liquid Fire | 1 | |
| Ensnare | 1 | |
| Envenomed Spears | 1 | |
16 total
» buildings
| Altar of Storms | 1 | |
| Orc Burrow | 11 | |
| War Mill | 1 | |
| Stronghold | 3 | |
| Voodoo Lounge | 6 | |
| Watch Tower | 2 | |
| Fortress | 2 | |
| Beastiary | 2 | |
| Spirit Lodge | 1 | |
29 total
» build order
00:03 Altar of Storms
00:04 Orc Burrow
00:08 Orc Burrow
00:44 War Mill
01:52 Orc Burrow
02:53 Stronghold
02:53 Stronghold
03:40 Voodoo Lounge
03:42 Voodoo Lounge
03:46 Watch Tower
03:47 Watch Tower
05:16 Voodoo Lounge
05:27 Fortress
05:32 Voodoo Lounge
06:18 Voodoo Lounge
06:21 Voodoo Lounge
06:35 Beastiary
06:37 Beastiary
06:42 Orc Burrow
06:43 Orc Burrow
20:05 Spirit Lodge
27:53 Orc Burrow
27:55 Orc Burrow
29:37 Orc Burrow
30:17 Orc Burrow
31:29 Orc Burrow
36:20 Orc Burrow
» items
| Healing Salve | 2 | |
| Lesser Clarity Potion | 2 | |
| Boots of Speed | 1 | |
| Staff of Teleportation | 1 | |
| Orb of Lightning | 1 | |
| Scroll of Town Portal | 2 | |
9 total
mYLIegeCyrus (
teal | 16 APM | 5419 actions | 346:09)
4 Archmage
2 Blizzard
2 Brilliance Aura
3 Blood Mage
2 Flame Strike
1 Siphon Mana
» actions
| Assign group hotkey | 395 | |
| Basic commands | 109 | |
| Build / train | 168 | |
| Enter build submenu | 140 | |
| Enter hero's abilities submenu | 10 | |
| Give item / drop item | 5 | |
| Right click | 1512 | |
| Select / deselect | 1220 | |
| Select group hotkey | 1526 | |
| Use ability | 334 | |
5419 total
» units
| Peasant | 17 | |
| Dragonhawk Rider | 15 | |
| Sorceress | 2 | |
| Priest | 2 | |
| Spell Breaker | 1 | |
37 total
» upgrades
| Masonry | 3 | |
| Lumber Harvesting | 2 | |
| Magic Sentry | 1 | |
| Sorceress Training | 2 | |
| Priest Training | 2 | |
| Control Magic | 1 | |
| Swords | 3 | |
| Armor | 3 | |
| Cloud | 1 | |
| Animal War Training | 1 | |
19 total
» buildings
| Altar of Kings | 1 | |
| Farm | 8 | |
| Scout Tower | 126 | |
| Lumber Mill | 1 | |
| Arcane Tower | 20 | |
| Guard Tower | 70 | |
| Keep | 1 | |
| Town Hall | 1 | |
| Castle | 1 | |
| Arcane Vault | 2 | |
| Arcane Sanctum | 1 | |
| Gryphon Aviary | 1 | |
| Blacksmith | 1 | |
| Barracks | 1 | |
235 total
» build order
00:05 Altar of Kings
00:19 Farm
00:54 Farm
01:01 Scout Tower
01:04 Lumber Mill
01:14 Scout Tower
01:30 Scout Tower
01:30 Arcane Tower
01:38 Farm
01:42 Arcane Tower
01:44 Scout Tower
01:50 Scout Tower
01:56 Scout Tower
02:05 Guard Tower
02:10 Guard Tower
02:10 Guard Tower
02:21 Scout Tower
02:25 Guard Tower
02:25 Guard Tower
02:41 Guard Tower
02:55 Scout Tower
03:15 Scout Tower
03:16 Guard Tower
03:36 Scout Tower
03:38 Guard Tower
03:39 Scout Tower
03:43 Scout Tower
03:45 Scout Tower
04:16 Scout Tower
04:16 Scout Tower
04:17 Guard Tower
04:26 Scout Tower
04:26 Guard Tower
04:41 Scout Tower
04:42 Guard Tower
04:45 Scout Tower
04:46 Scout Tower
04:50 Scout Tower
04:55 Guard Tower
04:58 Scout Tower
04:59 Scout Tower
04:59 Guard Tower
05:02 Scout Tower
05:03 Scout Tower
05:10 Keep
05:14 Guard Tower
05:18 Scout Tower
05:18 Scout Tower
05:24 Scout Tower
05:24 Scout Tower
05:33 Arcane Tower
05:34 Scout Tower
05:42 Arcane Tower
05:42 Guard Tower
05:50 Scout Tower
06:12 Guard Tower
06:14 Scout Tower
06:18 Guard Tower
06:21 Scout Tower
07:03 Town Hall
07:12 Guard Tower
07:14 Scout Tower
07:18 Scout Tower
07:21 Guard Tower
07:24 Scout Tower
07:25 Scout Tower
07:35 Arcane Tower
07:55 Castle
07:57 Guard Tower
08:13 Guard Tower
08:17 Scout Tower
08:18 Scout Tower
08:20 Scout Tower
08:21 Scout Tower
08:22 Scout Tower
08:22 Guard Tower
08:25 Scout Tower
08:25 Scout Tower
08:27 Arcane Vault
08:32 Arcane Vault
08:36 Scout Tower
08:37 Scout Tower
08:39 Scout Tower
08:41 Scout Tower
09:13 Arcane Sanctum
09:40 Guard Tower
09:42 Scout Tower
09:43 Guard Tower
09:47 Scout Tower
09:48 Scout Tower
09:49 Scout Tower
09:51 Scout Tower
09:52 Scout Tower
09:52 Scout Tower
09:54 Scout Tower
09:55 Scout Tower
10:28 Guard Tower
10:31 Scout Tower
10:32 Scout Tower
10:33 Scout Tower
11:06 Gryphon Aviary
11:08 Farm
11:11 Guard Tower
11:49 Scout Tower
11:50 Scout Tower
11:52 Guard Tower
11:53 Guard Tower
11:55 Scout Tower
11:57 Scout Tower
11:58 Scout Tower
12:14 Scout Tower
12:50 Guard Tower
12:52 Arcane Tower
12:54 Arcane Tower
12:58 Guard Tower
13:28 Guard Tower
13:44 Guard Tower
14:26 Scout Tower
14:27 Scout Tower
17:16 Arcane Tower
17:17 Guard Tower
17:27 Blacksmith
17:44 Farm
17:45 Farm
17:52 Barracks
19:24 Farm
19:26 Farm
28:15 Scout Tower
28:23 Scout Tower
28:26 Scout Tower
29:05 Guard Tower
29:08 Scout Tower
29:10 Scout Tower
29:12 Scout Tower
29:12 Scout Tower
29:32 Scout Tower
29:35 Scout Tower
29:42 Scout Tower
29:43 Scout Tower
29:47 Scout Tower
29:48 Guard Tower
29:54 Scout Tower
29:55 Scout Tower
30:14 Guard Tower
30:17 Scout Tower
30:18 Scout Tower
30:22 Scout Tower
30:23 Guard Tower
30:25 Scout Tower
30:31 Arcane Tower
30:45 Guard Tower
30:52 Scout Tower
30:52 Scout Tower
30:53 Scout Tower
30:55 Guard Tower
31:01 Scout Tower
31:12 Guard Tower
31:27 Arcane Tower
31:31 Guard Tower
31:32 Scout Tower
31:39 Guard Tower
31:45 Scout Tower
31:46 Scout Tower
31:48 Scout Tower
31:50 Scout Tower
31:57 Scout Tower
31:59 Scout Tower
32:00 Scout Tower
32:02 Scout Tower
32:08 Guard Tower
32:11 Guard Tower
32:14 Scout Tower
32:26 Guard Tower
32:32 Scout Tower
32:33 Scout Tower
32:50 Guard Tower
32:57 Scout Tower
33:00 Guard Tower
33:06 Scout Tower
33:08 Scout Tower
33:09 Scout Tower
33:11 Scout Tower
33:13 Scout Tower
33:16 Scout Tower
33:22 Guard Tower
33:25 Guard Tower
33:32 Scout Tower
33:33 Scout Tower
33:35 Scout Tower
33:38 Guard Tower
33:40 Scout Tower
33:41 Scout Tower
33:53 Guard Tower
33:56 Guard Tower
34:06 Scout Tower
34:09 Guard Tower
34:22 Guard Tower
34:26 Guard Tower
34:37 Guard Tower
34:38 Arcane Tower
34:51 Guard Tower
34:51 Guard Tower
34:54 Scout Tower
35:08 Scout Tower
35:10 Guard Tower
35:15 Arcane Tower
35:22 Guard Tower
35:33 Guard Tower
35:37 Guard Tower
35:46 Guard Tower
36:15 Guard Tower
36:44 Scout Tower
36:45 Scout Tower
37:10 Guard Tower
37:47 Guard Tower
134:31 Scout Tower
134:50 Scout Tower
134:59 Arcane Tower
135:09 Scout Tower
135:16 Arcane Tower
135:37 Arcane Tower
136:08 Scout Tower
136:37 Arcane Tower
141:31 Scout Tower
141:54 Scout Tower
142:02 Arcane Tower
142:17 Scout Tower
142:24 Arcane Tower
142:53 Arcane Tower
147:15 Scout Tower
147:47 Arcane Tower
» items
| Boots of Speed | 1 | |
| Staff of Teleportation | 2 | |
| Orb of Lightning | 2 | |
| Staff of Sanctuary | 2 | |
| Scroll of Town Portal | 1 | |
8 total
nutsonyochin.de (
red | 41 APM | 8300 actions | 203:49)
5 Warden
2 Shadow Strike
3 Blink
» actions
| Assign group hotkey | 48 | |
| Basic commands | 162 | |
| Build / train | 110 | |
| ESC pressed | 16 | |
| Enter build submenu | 22 | |
| Enter hero's abilities submenu | 8 | |
| Give item / drop item | 3 | |
| Right click | 4782 | |
| Select / deselect | 960 | |
| Select group hotkey | 1704 | |
| Use ability | 485 | |
8300 total
» units
| Wisp | 24 | |
| Druid of the Talon | 17 | |
| Dryad | 25 | |
| Hippogryph | 6 | |
72 total
» upgrades
| Ultravision | 1 | |
| Well Spring | 1 | |
| Strength of the Wild | 3 | |
| Druid of the Talon Training | 2 | |
| Nature's Blessing | 1 | |
| Reinforced Hides | 3 | |
| Mark of the Talon | 1 | |
| Abolish Magic | 1 | |
| Druid of the Claw Training | 2 | |
15 total
» buildings
| Altar of Elders | 1 | |
| Moon Well | 13 | |
| Tree of Ages | 1 | |
| Hunter's Hall | 1 | |
| Tree of Eternity | 1 | |
| Tree of Life | 1 | |
| Ancient of Wonders | 1 | |
| Ancient of Wind | 2 | |
| Ancient of Lore | 1 | |
22 total
» build order
00:39 Altar of Elders
00:41 Moon Well
02:02 Moon Well
04:22 Moon Well
04:29 Moon Well
05:11 Moon Well
05:12 Moon Well
05:58 Tree of Ages
07:11 Hunter's Hall
08:58 Tree of Eternity
09:27 Tree of Life
09:33 Ancient of Wonders
10:59 Moon Well
11:00 Moon Well
11:11 Moon Well
11:11 Moon Well
11:25 Moon Well
12:23 Moon Well
12:24 Moon Well
13:31 Ancient of Wind
26:52 Ancient of Lore
27:15 Ancient of Wind
» items
| Staff of Teleportation | 1 | |
| Boots of Speed | 1 | |
| Orb of Venom | 1 | |
| Tiny Great Hall | 1 | |
| Mechanical Critter | 3 | |
| Periapt of Vitality | 5 | |
| Circlet of Nobility | 1 | |
13 total
Chat log
(00:12 / All) mYLIegeCyrus: hey
(00:12 / All) baby_in_pram: 1s please
(00:12 / All) mYLIegeCyrus: sorry
(00:13 / All) mYLIegeCyrus: pizza
(00:15 / All) mYLIegeCyrus: Todd is negotiating
(00:15 / All) nutsonyochin.de: we make this m*therfuckerrr go back and get the write one
(00:36 / All) MAXIM0.: pizza
(00:46 / All) MAXIM0.: *-*
(14:18 / All) DesertEagle(gl): this called
(14:20 / All) DesertEagle(gl): lame tactic
(14:27 / All) DesertEagle(gl): hey blue
(14:29 / All) DesertEagle(gl): watch this
(14:29 / All) mYLIegeCyrus: called being the best
(14:38 / All) mYLIegeCyrus: THANKS
(14:47 / All) mYLIegeCyrus: good play!
(14:49 / All) baby_in_pram: why would you do that
(14:52 / All) DesertEagle(gl): man why makes
(14:54 / All) DesertEagle(gl): game boring?
(14:57 / All) mYLIegeCyrus: best game
(14:58 / All) baby_in_pram: we eating pizza
(14:59 / All) baby_in_pram: you wouldn't wait for us
(15:00 / All) DesertEagle(gl): with those tower
(15:03 / All) baby_in_pram: this is only way we can eat pizza and play
(15:05 / All) DesertEagle(gl): you trolled us
(15:25 / All) mYLIegeCyrus: we had pizza negotiation opportunities to pursue
(15:28 / All) DesertEagle(gl): cause of you fuckers
(15:29 / All) mYLIegeCyrus: but you neglected synergy
(15:32 / All) DesertEagle(gl): we going play long game
(15:37 / All) nutsonyochin.de: no;l..
(15:57 / All) Abuse.Lord: noob
(16:02 / All) mYLIegeCyrus: lol
(16:04 / All) baby_in_pram: n-nn... no
(16:05 / All) mYLIegeCyrus: so ez :DDD
(16:06 / All) baby_in_pram: please dont make it a long game
(16:15 / All) baby_in_pram: :( i only have 1 hour before i gotta go to bed
(16:18 / All) baby_in_pram: it's school on monday
(16:28 / All) DesertEagle(gl): i don't want waste my time on this games
(16:34 / All) DesertEagle(gl): cause a noobs using mass towers
(16:35 / All) mYLIegeCyrus: so leave noob
(16:41 / All) mYLIegeCyrus: can't kill towers???
(16:44 / All) mYLIegeCyrus: they don't even move
(16:55 / All) DesertEagle(gl): if we owuld hvae human
(16:57 / All) DesertEagle(gl): would have*
(17:10 / All) baby_in_pram: instead you picked 2 undead, the most disgusting race
(17:12 / All) mYLIegeCyrus: you would lose all units just like you did gargoyle???
(17:27 / All) DesertEagle(gl): now we wait until all goldmine depleted
(17:31 / All) DesertEagle(gl): shitgame
(17:34 / All) DesertEagle(gl): you cause it
(18:28 / All) DesertEagle(gl): too bad no zeppelin in this map
(18:34 / All) nutsonyochin.de: fuck u
(18:35 / All) MAXIM0.: sup:D
(18:38 / All) DesertEagle(gl): i would send all my fiends :p
(18:39 / All) mYLIegeCyrus: so you could lose zeppelin like you did gargoyle??
(18:42 / All) mYLIegeCyrus: Map is not the problem
(18:45 / All) mYLIegeCyrus: you being noob is the problenm
(18:52 / All) DesertEagle(gl): you beign the noobest
(18:54 / All) DesertEagle(gl): noob tower
(19:05 / All) baby_in_pram: it's easy to make a tower.. .but how do u defeat a tower ?
(19:08 / All) Abuse.Lord: play td
(19:10 / All) Abuse.Lord: lows
(19:16 / All) baby_in_pram: do you even know how to kill a tower
(19:23 / All) DesertEagle(gl): meh noob
(19:23 / All) baby_in_pram: cos so far this game you have not demonstrated that knowledge
(20:38 / All) DesertEagle(gl): lets see
(20:42 / All) DesertEagle(gl): towering noobs
(20:44 / All) mYLIegeCyrus: PINK NOOB
(21:12 / All) DesertEagle(gl): that all u do
(21:16 / All) Abuse.Lord: but pink raped your face
(21:18 / All) mYLIegeCyrus: own u??
(21:19 / All) Abuse.Lord: shitnoob nolife gay
(22:06 / All) mYLIegeCyrus: thanks for dreadlord
(22:15 / All) DesertEagle(gl): your heroes died
(22:16 / All) DesertEagle(gl): 3x times
(22:18 / All) DesertEagle(gl): than ours
(22:21 / All) DesertEagle(gl): watch back replay
(22:23 / All) baby_in_pram: wait what
(22:26 / All) baby_in_pram: were you watching the same game
(22:27 / All) baby_in_pram: as us
(23:04 / All) DesertEagle(gl): zeppelin would fuck you :D
(23:11 / All) mYLIegeCyrus: you can't even kill towers
(23:16 / All) mYLIegeCyrus: What the hell are you going to do with zeppelin
(23:18 / All) Abuse.Lord: and you are happy?
(23:19 / All) DesertEagle(gl): cause you are noob tp
(23:25 / All) DesertEagle(gl): we would fly to ur main base
(23:27 / All) DesertEagle(gl): and kill :>
(23:31 / All) baby_in_pram: you would do no such thing
(23:32 / All) Abuse.Lord: Kis fasszopó cigány buzi
(23:33 / All) mYLIegeCyrus: you would fly to our main
(23:36 / All) mYLIegeCyrus: and lose all your shit
(23:39 / All) mYLIegeCyrus: like you did to towers
(23:44 / All) mYLIegeCyrus: you're too bad to beat us sorry
(25:06 / All) DesertEagle(gl): welcome
(25:24 / All) Abuse.Lord: Hacker noobs
(25:31 / All) baby_in_pram: says "abuse.lord"
(25:34 / All) mYLIegeCyrus: sorry, we're 100% hack free
(25:36 / All) Abuse.Lord: y
(25:37 / All) mYLIegeCyrus: and we win, towers or not
(25:40 / All) Abuse.Lord: say "the god"
(25:45 / All) Abuse.Lord: my little dirty son
(25:47 / All) baby_in_pram: the god of losing to a stationary unit ??
(25:48 / All) DesertEagle(gl): then this game will be forever
(27:07 / All) DesertEagle(gl): soon gold mine depleting
(27:08 / All) DesertEagle(gl): :>
(27:10 / All) DesertEagle(gl): we waiting
(27:11 / All) nutsonyochin.de: fuck u
(27:12 / All) mYLIegeCyrus: and we win
(27:12 / All) baby_in_pram: then what? then you leave like noob?
(27:13 / All) mYLIegeCyrus: thank u
(27:17 / All) DesertEagle(gl): nope
(27:20 / All) DesertEagle(gl): we can stay forever
(27:20 / All) Abuse.Lord: lol
(27:21 / All) DesertEagle(gl): :)
(27:23 / All) Abuse.Lord: nolife hardnoobs
(27:25 / All) baby_in_pram: haha
(27:29 / All) Abuse.Lord: homeless kaka noobs
(27:34 / All) baby_in_pram: stay forever? nobody stays in a war3 game for more than 1 hour...
(27:42 / All) Abuse.Lord: we have time
(27:44 / All) Abuse.Lord: you shitnoob
(27:48 / All) Abuse.Lord: you have tomorrow school
(27:49 / All) Abuse.Lord: gay
(27:50 / All) baby_in_pram: where did you learn that word
(27:54 / All) Abuse.Lord: your mom shit in your face
(27:55 / All) Abuse.Lord: gay
(28:12 / All) baby_in_pram: ill stay up.. i dont care if Mr. Matheson yells at me in class tomorrow
(28:20 / All) baby_in_pram: i aint letting u guys talk to me like that and win!!!
(28:21 / All) Abuse.Lord: suck Mr Matheson
(28:28 / All) Abuse.Lord: eat my shit
(28:29 / All) Abuse.Lord: gay
(28:34 / All) Abuse.Lord: eat my hard shit
(29:27 / All) baby_in_pram: have u guys been mining at 80 food that would be really embarrassing lol
(29:36 / All) Abuse.Lord: eat my shit
(29:36 / All) Abuse.Lord: noob
(29:39 / All) nutsonyochin.de: had u ever played a high perch?
(29:43 / All) Abuse.Lord: eat my shit
(29:44 / All) Abuse.Lord: noob
(29:49 / All) nutsonyochin.de: fuck u
(29:51 / All) baby_in_pram: Welcome to (6)Highperch.w3x, enjoy you're stay
(29:52 / All) DesertEagle(gl): guys
(29:53 / All) Abuse.Lord: eat my shit
(29:53 / All) Abuse.Lord: Noob
(29:59 / All) DesertEagle(gl): next game i suggest u to
(30:01 / All) DesertEagle(gl): "legion td"
(30:07 / All) baby_in_pram: hey DesertEagle what does the (gl) stand for?? "GOOD LUCK"???
(30:07 / All) MAXIM0.: :D
(30:23 / All) Abuse.Lord: y, you need ;)
(30:26 / All) Abuse.Lord: in real life
(30:31 / All) Abuse.Lord: taigetos Positive
(30:34 / All) Abuse.Lord: your all family
(30:42 / All) baby_in_pram: you're all family round here :D
(30:53 / All) baby_in_pram: yeehaw welcome to a Family Perch, everybody gettin' involved
(30:55 / All) Abuse.Lord: x)
(30:58 / All) Abuse.Lord: you fucking gipsy noob
(31:04 / All) Abuse.Lord: Jew Gipsy
(31:13 / All) Abuse.Lord: Noob Jew GIpsy
(31:16 / All) baby_in_pram: you are really obsesssed with scatalogical imagery did u have pooping troubles AS a Childe. sit down; and discus
(31:23 / All) Abuse.Lord: eat my shit noob
(31:30 / All) DesertEagle(gl): sit back and afk now
(31:31 / All) DesertEagle(gl): :p
(31:34 / All) Abuse.Lord: eat shit lmy little son
(32:56 / All) baby_in_pram: what teh fuck how did u find him
(32:57 / All) nutsonyochin.de: HACKr
(32:57 / All) Abuse.Lord: eat my shit
(32:58 / All) Abuse.Lord: Noob
(33:01 / All) baby_in_pram: OM .god
(33:09 / All) Abuse.Lord: im your god
(33:11 / All) Abuse.Lord: shitnoob
(33:26 / All) nutsonyochin.de: hacklord shitfaggit
(38:38 / All) nutsonyochin.de: fuck u faggers
(38:44 / All) baby_in_pram: god damnit how did u find Darryl
(38:45 / All) Abuse.Lord: noob
(39:05 / All) nutsonyochin.de: fagerr cheater
(40:12 / All) mYLIegeCyrus: fkn nooblars
(40:26 / All) MAXIM0.: yo~
(40:30 / All) baby_in_pram: look at this army hahaha
(40:34 / All) baby_in_pram: how u going to kill towers with that
(41:33 / All) baby_in_pram: wtf how did u delete our towers
(41:39 / All) nutsonyochin.de: maphackr
(41:41 / All) mYLIegeCyrus: goldhack
(41:43 / All) nutsonyochin.de: fuck u
(41:43 / All) baby_in_pram: TowerHack
(42:03 / All) mYLIegeCyrus: how can u make 50 noobgoyles and we have to sell towers too feed our peasants
(42:38 / All) DesertEagle(gl): bats?!
(45:09 / All) baby_in_pram: can u explain the choice of the unit the "Banshee" to us this game
(45:24 / All) DesertEagle(gl): can u explain the towers ?
(45:36 / All) mYLIegeCyrus: Towers own noobs, noobs run units into tower and we win
(45:39 / All) mYLIegeCyrus: and the banshee?
(45:46 / All) DesertEagle(gl): we won't run into your base
(45:48 / All) DesertEagle(gl): we wait
(45:50 / All) DesertEagle(gl): :)
(46:04 / All) mYLIegeCyrus: you already did, lost all ur stuff
(46:10 / All) DesertEagle(gl): nah
(46:12 / All) DesertEagle(gl): i got stuffs
(46:15 / All) DesertEagle(gl): u camp now?
(46:16 / All) DesertEagle(gl): right?
(46:17 / All) mYLIegeCyrus: BANSHEES??
(46:20 / All) DesertEagle(gl): waiting for us
(48:25 / All) nutsonyochin.de: fuck u faggles
(48:29 / All) nutsonyochin.de: u think ure too good
(48:31 / All) baby_in_pram: ya auld Fagoots
(48:33 / All) nutsonyochin.de: but really ure bad
(48:35 / All) DesertEagle(gl): better than oyu
(48:38 / All) nutsonyochin.de: ure the opposite of good, ure bad
(49:25 / All) nutsonyochin.de: fuck uuuuuu
(49:54 / All) nutsonyochin.de: fuckers think ure good bc u can make some bat and GARG
(50:02 / All) DesertEagle(gl): fuckers
(50:05 / All) DesertEagle(gl): campign with towers
(50:07 / All) DesertEagle(gl): and waiting
(50:09 / All) DesertEagle(gl): big ksill
(50:12 / All) DesertEagle(gl): skill
(50:16 / All) baby_in_pram: soz i was eating a pizza
(50:16 / All) Abuse.Lord: shitnoob in game Shintoob in life
(50:19 / All) nutsonyochin.de: u know what. u can garg on my dick...gargle on my dick cum that comes out when i ejac down ur throate
(50:22 / All) DesertEagle(gl): u sure?
(50:24 / All) DesertEagle(gl): eating pizza
(50:27 / All) DesertEagle(gl): in front of computer ?
(50:32 / All) baby_in_pram: yea i spilt some chease on my keybored
(50:36 / All) nutsonyochin.de: fuck u cucumber pizza is for pussyman im not pussyman
(50:44 / All) mYLIegeCyrus: Name's Gargamel Shintoob, Pizza is my forté
(50:45 / All) baby_in_pram: ahhh ZuchinniPoop!!
(50:46 / All) nutsonyochin.de: i do not eat this i throw it on the ground where noob like u belong
(51:04 / All) nutsonyochin.de: FUCK U
(51:06 / All) nutsonyochin.de: GHACK HACK HGACK'
(51:17 / All) nutsonyochin.de: HACKER GO HOME!!!
(51:18 / All) baby_in_pram: our last tre..... .n-n-noo..
(51:20 / All) nutsonyochin.de: hacker go HOME
(51:50 / All) nutsonyochin.de: u fuycker eurohack trash TO scared to win.. TO scared to win against german nazi call in usa and we win... omg..
(52:29 / All) baby_in_pram: you located my tree, his name was Darryl... now i sing you 1x christmas carole
(52:31 / All) nutsonyochin.de: fucker toos cared look all around but God Gives Me Strength and he lets me sruvive against hackr like U
(52:47 / All) baby_in_pram: Clan GGMS join us after game for fun chat & re-plays
(52:51 / All) mYLIegeCyrus: thanks for the game by the way, shame you had to lose
(52:59 / All) DesertEagle(gl): ah next map
(52:59 / All) baby_in_pram: remember when you said you would stay in this game forever ahahah
(53:01 / All) DesertEagle(gl): you lose
(53:04 / All) DesertEagle(gl): example gnoll wood
(53:05 / All) nutsonyochin.de: wtf/...
(53:07 / All) mYLIegeCyrus: all maps we win
(53:08 / All) nutsonyochin.de: i dont even have a THING
(53:12 / All) DesertEagle(gl): cause its not big map
(53:17 / All) DesertEagle(gl): you can rush easly
(53:19 / All) baby_in_pram: I have a 100% win record on every map against your team. 100%
(53:23 / All) nutsonyochin.de: is this big map or are you just eurotarded
(53:30 / All) mYLIegeCyrus: So you can run experience into us quicker???
(53:43 / All) mYLIegeCyrus: you lost because bad micro, sorry
(53:50 / All) nutsonyochin.de: bad micro bad macro bad brain
(53:52 / All) baby_in_pram: claim you owned me
(53:53 / All) mYLIegeCyrus: for good player tower is easy as fish on sunday
(54:02 / All) nutsonyochin.de: imagine if your brain was of normal size or possibly close to normal size??
(54:06 / All) baby_in_pram: Easy;; like a Sunday Morninge
(54:29 / All) mYLIegeCyrus: you could shop for hats at the men's department and not your sister's barbie castle if you know what i mean
(54:37 / All) nutsonyochin.de: "how do i click a unit" -pink, as he loses half him army to towers while talking shit
(54:56 / All) baby_in_pram: like your tauren ran directly into the towers, 0 unit control
(55:00 / All) baby_in_pram: he died as he lived... a noob
(55:08 / All) nutsonyochin.de: do i send my unit into tower??? im stupid MORON!
(57:18 / All) nutsonyochin.de: so bad,,, so sad,,,
(59:50 / All) nutsonyochin.de: what if i make my base inside ur base
(70:20 / All) baby_in_pram: soo.... y'all maphacking?
(70:29 / All) mYLIegeCyrus: It's okay, you can tell us
(70:38 / All) nutsonyochin.de: my dad works for blissard and hes gponna kill u
(70:50 / All) mYLIegeCyrus: we already know you're badnoobs who lost to towers so there's really no way further down to go from here
(71:30 / All) baby_in_pram: yep... mr hacker over here
(71:35 / All) mYLIegeCyrus: have you seen our webysite
(71:36 / All) nutsonyochin.de: he he
(71:38 / All) mYLIegeCyrus: www.highper.ch
(71:39 / All) baby_in_pram: how embarassing to Cheat at this game and STILL lose
(71:40 / All) nutsonyochin.de: how you like my perch
(71:42 / All) mYLIegeCyrus: do you think this is our first time?
(71:49 / All) nutsonyochin.de: does it excite you. does it rush blood to your dick
(101:29 / All) nutsonyochin.de: eat my shit
(146:01 / All) mYLIegeCyrus: how does it feel to pour your heart and soul into a game like this
(146:03 / All) mYLIegeCyrus: and then lose
(146:08 / All) mYLIegeCyrus: because you couldn't kill towers?
(158:08 / All) baby_in_pram: ahahahah
(158:27 / All) DesertEagle(gl): lol
(158:37 / All) nutsonyochin.de: thanks for being horrible at this game
(158:37 / All) DesertEagle(gl): you wasted too much time
(158:38 / All) mYLIegeCyrus: how can you hack and still lose
(158:42 / All) DesertEagle(gl): for this game :D
(158:46 / All) mYLIegeCyrus: "waste"
(158:48 / All) DesertEagle(gl): noob
(158:49 / All) baby_in_pram: no, it was you who wasted too much time
(158:51 / All) DesertEagle(gl): noob
(158:51 / All) baby_in_pram: for you see... we WON this game
(158:52 / All) mYLIegeCyrus: check out www.highper.ch
(158:53 / All) DesertEagle(gl): noob :>
(158:55 / All) baby_in_pram: whereas you spent 3 hours on a LOSS
(159:00 / All) DesertEagle(gl): lucky u got highperc map
(159:01 / All) nutsonyochin.de: this game was over @ load screen
(159:02 / All) baby_in_pram: disgusting, embarrassing, shameful
(159:06 / All) mYLIegeCyrus: Make noobs lose for 10 hours
(159:16 / All) mYLIegeCyrus: hmm, www.highper.ch , you will find we win on every map
(159:21 / All) baby_in_pram: the longer the game goes, the bigger my erection grows... "Tyler Kerr, 2013"
(159:24 / All) DesertEagle(gl): i think you can only iwn at this map
(159:26 / All) mYLIegeCyrus: Highperch, Upper Kingdom, Silverpine, Gnoll wood
(159:27 / All) DesertEagle(gl): u got luck
(159:27 / All) mYLIegeCyrus: nope
(159:28 / All) DesertEagle(gl): i see
(159:29 / All) mYLIegeCyrus: www.highper.ch
(159:31 / All) mYLIegeCyrus: Look at it
(159:33 / All) mYLIegeCyrus: www.highper.ch
(159:34 / All) mYLIegeCyrus: all replays
(159:35 / All) mYLIegeCyrus: all maps
(159:36 / All) DesertEagle(gl): i see u got lucked
(159:36 / All) mYLIegeCyrus: all ownage
(159:37 / All) baby_in_pram: all legit
(159:38 / All) mYLIegeCyrus: all the time
(159:47 / All) mYLIegeCyrus: www.highper.ch ;)
(160:00 / All) DesertEagle(gl): only this map u can win right?
(160:01 / All) mYLIegeCyrus: home of clan towa and the "broliance" gaming collective
(160:02 / All) mYLIegeCyrus: nope
(160:04 / All) mYLIegeCyrus: also gnoll wood
(160:06 / All) mYLIegeCyrus: silverpine
(160:09 / All) mYLIegeCyrus: Upper kingdom
(160:11 / All) DesertEagle(gl): 2v2 is hard for u if i right
(160:11 / All) mYLIegeCyrus: full scale assault
(160:13 / All) mYLIegeCyrus: friends
(160:20 / All) DesertEagle(gl): yeah the big maps
(160:22 / All) mYLIegeCyrus: nope, can even do 1v1 tourney
(160:23 / All) DesertEagle(gl): no 2v2
(160:29 / All) mYLIegeCyrus: www.highper.ch for 1v1 tower replays
(160:38 / All) DesertEagle(gl): towers only
(160:39 / All) DesertEagle(gl): lol
(160:43 / All) mYLIegeCyrus: when players are noob like you
(160:45 / All) mYLIegeCyrus: towers is all we need
(160:50 / All) baby_in_pram: we'll let you in on a little secret... we are Clan Towa
(160:50 / All) mYLIegeCyrus: for good players we make units
(160:51 / All) DesertEagle(gl): tell me
(160:52 / All) mYLIegeCyrus: but not shitnoobs
(160:53 / All) baby_in_pram: we specialise in building towers
(160:58 / All) DesertEagle(gl): you win all games like this ?
(161:02 / All) nutsonyochin.de: hows my dick taste
(161:04 / All) baby_in_pram: you lose all game like this??? :D
(161:06 / All) mYLIegeCyrus: not like this
(161:07 / All) DesertEagle(gl): you are all shame
(161:09 / All) mYLIegeCyrus: usually it's much harders
(161:12 / All) baby_in_pram: we are all Shane
(161:16 / All) baby_in_pram: Shane, Scotty and Todd
(161:24 / All) mYLIegeCyrus: when opponents are idiot noob the games go like this
(161:31 / All) DesertEagle(gl): wish i could teleport to you in life
(161:36 / All) mYLIegeCyrus: sure
(161:39 / All) DesertEagle(gl): i would really kill you with your computers
(161:43 / All) DesertEagle(gl): nerds 40 kg with glass
(161:45 / All) baby_in_pram: you can never teleport to our level.. you will never Be on our level
(161:49 / All) mYLIegeCyrus: teleport to stockholm
(161:52 / All) mYLIegeCyrus: Let's talk about it
(161:52 / All) DesertEagle(gl): in life
(161:56 / All) DesertEagle(gl): you are not on my level
(161:58 / All) DesertEagle(gl): fucker :D
(161:59 / All) baby_in_pram: explain
(162:00 / All) baby_in_pram: yourself
(162:01 / All) mYLIegeCyrus: What is your level
(162:04 / All) mYLIegeCyrus: tell us about your life
(162:09 / All) mYLIegeCyrus: who is Deserteagle(gl)
(162:12 / All) baby_in_pram: the way i see it we both spent 3 hours on a sunday night.. only you spent that whole time LOSING
(162:13 / All) mYLIegeCyrus: does he have a lot of muscles?
(162:17 / All) DesertEagle(gl): yep
(162:24 / All) mYLIegeCyrus: does he spend 5 hours losing to towers??
(162:29 / All) nutsonyochin.de: how many muscles do u have i have at least 35 u fucking shitty bitch
(162:31 / All) mYLIegeCyrus: (yep)
(162:36 / All) DesertEagle(gl): 35 ?
(162:38 / All) DesertEagle(gl): where ?
(162:40 / All) baby_in_pram: in his dick
(162:44 / All) mYLIegeCyrus: how many muscles did it take to lose this game
(162:44 / All) DesertEagle(gl): what about your legs ?
(162:45 / All) baby_in_pram: flex that dick
(162:46 / All) DesertEagle(gl): chicken leg
(162:50 / All) nutsonyochin.de: 35 muscles to crush u inbetween my medium to large biceps u fuccking idiot
(162:53 / All) mYLIegeCyrus: because you didn't use the biggest one (THE HUMAN BRAIN!)
(162:56 / All) baby_in_pram: i got calves the size of horses
(162:58 / All) DesertEagle(gl): what about oyur legs ?:D
(162:59 / All) DesertEagle(gl): :D
(163:05 / All) DesertEagle(gl): im sure its chicken
(163:19 / All) baby_in_pram: not horses' legs... actual horses just to clarify cos horses have stupid spindly legs
(163:19 / All) nutsonyochin.de: chicken doesnt have legs are you an idiot?? they have wings
(163:21 / All) mYLIegeCyrus: are you as sure of that as you were about you winning this game
(163:24 / All) nutsonyochin.de: they are a bird, like you, a noob
(163:28 / All) nutsonyochin.de: a bird...noob..
(163:31 / All) baby_in_pram: Often a bird.noob.
(163:43 / All) mYLIegeCyrus: and you know what birds do....? (sh***)
(163:49 / All) baby_in_pram: you want 2 know... the real.. hard truth... we could have won this game at any time
(163:56 / All) nutsonyochin.de: my bird sh***s on ur care every day
(163:56 / All) mYLIegeCyrus: thanks for losing this game it was very easy for us
(164:06 / All) mYLIegeCyrus: free win for clan towa www.highper.ch home of the "double me down"
(164:08 / All) nutsonyochin.de: you drive a sh****ty car all the time
(164:15 / All) DesertEagle(gl): clan towa
(164:17 / All) DesertEagle(gl): that all u do
(164:18 / All) mYLIegeCyrus: In life, your car is that of a shit
(164:22 / All) DesertEagle(gl): retarded shit headeds
(164:26 / All) baby_in_pram: this game was the most fun i've had this week. i'll have 2 go into the office tomorrow. im a ceo of a big bank
(164:29 / All) nutsonyochin.de: "clean the bird poop of ure car" is what oyur mom says "but no i am too busy losing a 5 hour game on a sunday night"
(164:38 / All) DesertEagle(gl): office
(164:39 / All) DesertEagle(gl): lol ..
(164:43 / All) baby_in_pram: i just bang supermodels and drive ferraris all day but sometimes i like 2 kick back and destroy a noob in war3
(164:47 / All) DesertEagle(gl): you are weak in pshycalism
(164:48 / All) DesertEagle(gl): i see
(164:49 / All) baby_in_pram: tonight is Such a night
(165:01 / All) DesertEagle(gl): sure
(165:02 / All) DesertEagle(gl): lie
(165:04 / All) DesertEagle(gl): blablabla :>
(165:13 / All) baby_in_pram: well whatever we say there is only 1 true verifiable thing
(165:16 / All) nutsonyochin.de: i make 30 dollars a day at my job i own noobs like u for breakfast
(165:18 / All) DesertEagle(gl): i belive what i see not what i hear
(165:19 / All) baby_in_pram: That we DESTROYED u in this game of war3
(165:26 / All) baby_in_pram: yea? would u like to see my 13 inche dick
(165:27 / All) mYLIegeCyrus: I think if you saw my ownage muscle you would think I'm on the juice
(165:30 / All) DesertEagle(gl): still there can be rematch :P
(165:31 / All) mYLIegeCyrus: It grew 2x on this day
(165:44 / All) baby_in_pram: no rematch will be necessary thank u; i am sufficiently convinced you were owned
(165:44 / All) DesertEagle(gl): rematch would be nice
(165:51 / All) nutsonyochin.de: teal has 40+ muscles hes muscleman
(165:53 / All) DesertEagle(gl): yes u are afraid
(165:56 / All) baby_in_pram: ... afraid? lol
(165:59 / All) DesertEagle(gl): cause u don't get maps like this
(165:59 / All) baby_in_pram: of this awful play
(166:00 / All) mYLIegeCyrus: 1v1?
(166:00 / All) DesertEagle(gl): :D
(166:01 / All) mYLIegeCyrus: 1v1?
(166:02 / All) mYLIegeCyrus: 1v1?
(166:03 / All) mYLIegeCyrus: 1v1+
(166:09 / All) baby_in_pram: 1v1+ it's the enhanced version of 1v1
(166:10 / All) nutsonyochin.de: how many muscles do u even have . probably like 10 hes a 13 year old girl LOL!
(166:15 / All) baby_in_pram: and u just got challenged to a game of 1v1+
(166:17 / All) mYLIegeCyrus: you think we don't win on every map??? www.highper.ch you jabroni
(166:18 / All) DesertEagle(gl): lol red
(166:22 / All) DesertEagle(gl): seems you looked into yourself
(166:23 / All) DesertEagle(gl): :D
(166:24 / All) DesertEagle(gl): now i see
(166:28 / All) DesertEagle(gl): you are 30 kilo fucker
(166:35 / All) nutsonyochin.de: 13 year old Child who is possibly a Girl is braginning on VIDEO GAME!!!
(166:39 / All) baby_in_pram: my penis weighs 30 kilograms. that's fucking absurd.
(166:48 / All) DesertEagle(gl): u know what ?:D
(166:54 / All) mYLIegeCyrus: I don't give 30kilofucks about your stupid muscles losers
(166:59 / All) DesertEagle(gl): know what ?
(167:01 / All) nutsonyochin.de: good bye fake muscle child girl LOOSERS
(167:02 / All) baby_in_pram: yea. what. go
(167:03 / All) DesertEagle(gl): i hope you die :)
(167:06 / All) baby_in_pram: ahjaahah
(167:08 / All) baby_in_pram: ahfjahahaxaxaxax
(167:10 / All) baby_in_pram: CYKA
(167:16 / All) nutsonyochin.de: cya bitcheies
(167:16 / All) mYLIegeCyrus: no muscles, no skills, one day you will die
(167:20 / All) nutsonyochin.de: thanks for being bad
(167:38 / All) baby_in_pram: leave now shitlordes
(167:42 / All) baby_in_pram: u too number 3
(167:59 / All) baby_in_pram: we have Drank Our Fill of your tasty tears.... umm #ayum
(373:13 / All) baby_in_pram: gg highper.ch